 Dungeon Crawl Stone Soup version 0.19-a0-305-g4c536b9 (webtiles) character file.

2120 Delvonshi the Grappler (level 9, -1/89 HPs)
             Began as an Ogre Monk on May 27, 2016.
             Slain by an ice beast (14 damage)
             ... on level 7 of the Dungeon.
             The game lasted 00:24:30 (9099 turns).

Delvonshi the Grappler (Ogre Monk)                  Turns: 9099, Time: 00:24:30

Health: -1/89      AC:  4    Str: 21    XL:     9   Next: 29%
Magic:  9/9        EV: 10    Int: 13    God:
Gold:   353        SH:  0    Dex: 12    Spells: 0 memorised, 8 levels left

rFire  . . .     SeeInvis .     F - +9 quarterstaff of Revolt {pain, Int+4}
rCold  . . .     Gourm    .     a - +0 robe
rNeg   + . .     Faith    .     (shield currently unavailable)
rPois  .         Spirit   .     (helmet restricted)
rElec  .         Dismiss  +     C - +0 cloak
rCorr  .         Reflect  .     (gloves unavailable)
SustAt .         Harm     .     (boots unavailable)
MR     .....                    j - amulet of dismissal
Stlth  ++........               (no ring)
                                k - ring of positive energy

@: not resistant to hostile enchantments, unstealthy
A: unfitting armour, tough skin 1
a: no special abilities


You were on level 7 of the Dungeon.
You were not hungry.

You visited 2 branches of the dungeon, and saw 8 of its levels.

You collected 353 gold pieces.

Inventory:

Hand Weapons
 p - the +3 whip of Nuogu {flame, MR+ Dex+3}
   (You found it on level 4 of the Dungeon)

   It has been specially enchanted to burn those struck by it, causing extra
   injury to most foes and up to half again as much damage against particularly
   susceptible opponents.
   It affects your dexterity (+3).
   It affects your resistance to hostile enchantments.
 t - a +0 hunting sling of flaming
 F - the +9 quarterstaff of Revolt (weapon) {pain, Int+4}
   (You found it on level 6 of the Dungeon)

   In the hands of one skilled in necromantic magic, it inflicts extra damage on
   living creatures.
   It affects your intelligence (+4).
Missiles
 s - 77 sling bullets
 H - 9 tomahawks (quivered)
Armour
 a - a +0 robe (worn)
 C - a +0 cloak (worn)
Jewellery
 j - an amulet of dismissal (around neck)
 k - a ring of positive energy (left hand)
Wands
 I - a wand of random effects (21/48)
Scrolls
 c - 4 scrolls of identify
 i - 2 scrolls of enchant weapon {unknown}
 l - 4 scrolls of teleportation {unknown}
 m - 3 scrolls of amnesia {unknown}
 o - 2 scrolls of immolation {unknown}
 q - a scroll of remove curse {unknown}
 u - 2 scrolls of recharging {unknown}
 D - a scroll of enchant armour {unknown}
 E - a scroll of fear {unknown}
Potions
 b - a potion of brilliance {unknown}
 d - 5 potions of magic
 e - 7 potions of curing
 n - a potion of cancellation {unknown}
 w - 2 potions of invisibility {unknown}
 x - a potion of haste {unknown}
 z - a potion of flight {unknown}
 B - 2 potions of cure mutation {unknown}
 G - a potion of might {unknown}
Books
 v - a book of the Sky

   Spells                             Type                      Level
   a - Summon Lightning Spire         Summoning/Air                4
   b - Airstrike                      Air                          4
   c - Silence                        Hexes/Air                    5
   d - Deflect Missiles               Charms/Air                   6
   e - Conjure Ball Lightning         Conjuration/Air              6
   f - Tornado                        Air                          9
Comestibles
 f - a royal jelly
 g - a meat ration
 h - 2 slices of pizza
 r - a bread ration
 A - 2 beef jerkies
 J - 3 chunks of flesh


   Skills:
 - Level 6.0 Fighting
 - Level 2.6 Dodging
 - Level 1.5 Stealth
 * Level 11.0 Unarmed Combat


You had 8 spell levels left.
You didn't know any spells.

Dungeon Overview and Level Annotations

Branches:
Dungeon (7/15)             Temple (1/1) D:6

Altars:
Ashenzari
Cheibriados
Dithmenos
Elyvilon
Fedhas
Hepliaklqana
Makhleb
Nemelex Xobeh
Okawaru
Pakellas
Qazlal
Ru
Trog
Ukayaw
Xom
Yredelemnul
Zin
The Shining One

Annotations:
D:4 Edmund, Menkaure


Innate Abilities, Weirdness & Mutations

You are too large for most types of armour.
You have tough skin. (AC +1)


Message History

You hit the ice beast.
The ice beast is severely wounded.
The ice beast hits you but does no damage.
The ice beast hits you. The ice beast freezes you!
You hit the ice beast.
The ice beast is almost dead.
The ice beast hits you. The ice beast freezes you!
You hit the ice beast.
The ice beast is almost dead.
The ice beast hits you. The ice beast freezes you!
* * * LOW HITPOINT WARNING * * *
You barely miss the ice beast.
The ice beast is almost dead.
The ice beast closely misses you. The ice beast barely misses you.
You closely miss the ice beast.
The ice beast is almost dead.
The ice beast hits you.
* * * LOW HITPOINT WARNING * * *
The ice beast freezes you!
You die...

########)#
#........#
#........#
#........+
#........#
####........#
#...........#
#...........#
#...@########
#....Y......
#####.......
[...(..
......(
.......
.......
.......


You could see an ice beast.

Vanquished Creatures
  Sigmund (D:5)
  Duvessa (D:4)
  A water moccasin (D:6)
  An orc warrior (D:6)
  2 phantoms (D:6)
  3 ogres
  3 centaurs
  Blork the orc (D:6)
  3 giant frogs
  Dowan (D:4)
  A jelly (D:6)
  A crimson imp (D:6)
  A hound (D:5)
  Crazy Yiuf (D:5)
  4 orc priests
  3 orc wizards
  A worker ant (D:6)
  A hound skeleton (D:6)
  2 worker ant zombies
  Robin (D:4)
  11 adders
  2 shadow imps
  6 oozes
  An adder skeleton (D:4)
  An adder zombie (D:5)
  A worm (D:2)
  2 dart slugs
  2 giant geckos
  24 orcs
  2 giant cockroaches
  23 goblins
  13 hobgoblins
  11 jackals
  3 kobolds
  3 quokkas
  6 bats
  3 giant newts
  A jackal skeleton (D:6)
  A quokka skeleton (D:4)
  7 rats
  A fungus (D:5)
157 creatures vanquished.

Notes
Turn   | Place    | Note
--------------------------------------------------------------
     0 | D:1      | Delvonshi the Ogre Monk began the quest for the Orb.
     0 | D:1      | Reached XP level 1. HP: 24/24 MP: 1/1
   146 | D:1      | Reached XP level 2. HP: 31/32 MP: 2/2
   208 | D:1      | Reached skill level 4 in Unarmed Combat
   293 | D:1      | Reached XP level 3. HP: 28/40 MP: 3/3
   802 | D:2      | Reached skill level 5 in Fighting
  1166 | D:2      | Reached XP level 4. HP: 48/50 MP: 4/4
  1171 | D:2      | Found an iron altar of Okawaru.
  1946 | D:2      | Found a glowing golden altar of the Shining One.
  2149 | D:3      | Found a basalt altar of Yredelemnul.
  2204 | D:3      | Reached XP level 5. HP: 50/59 MP: 5/5
  2778 | D:4      | Found a shadowy altar of Dithmenos.
  2907 | D:4      | Found a burning altar of Makhleb.
  2910 | D:4      | Found a snail-covered altar of Cheibriados.
  2912 | D:4      | Found a white marble altar of Elyvilon.
  2958 | D:4      | Reached skill level 5 in Unarmed Combat
  3054 | D:4      | Noticed Robin
  3133 | D:4      | Killed Robin
  3220 | D:4      | Got a jewelled whip
  3221 | D:4      | Identified the +3 whip of Nuogu {flame, MR+ Dex+3} (You found it on level 4 of the Dungeon)
  3511 | D:4      | Noticed Edmund
  3514 | D:4      | Noticed Dowan
  3728 | D:4      | Noticed Duvessa
  3746 | D:4      | Killed Duvessa
  3746 | D:4      | Reached skill level 6 in Unarmed Combat
  3746 | D:4      | Reached XP level 6. HP: 26/67 MP: 6/6
  4404 | D:4      | Noticed Menkaure
  4425 | D:4      | Killed Dowan
  4425 | D:4      | Reached XP level 7. HP: 55/75 MP: 7/7
  4624 | D:5      | Entered Level 5 of the Dungeon
  4716 | D:5      | Reached skill level 7 in Unarmed Combat
  4804 | D:5      | Found a sparkling altar of Nemelex Xobeh.
  4806 | D:5      | Found an oddly glowing altar of Pakellas.
  4811 | D:5      | Found a glowing silver altar of Zin.
  4815 | D:5      | Found a shattered altar of Ashenzari.
  5101 | D:5      | Noticed Crazy Yiuf
  5103 | D:5      | Killed Crazy Yiuf
  5195 | D:5      | Noticed Sigmund
  5220 | D:5      | Killed Sigmund
  5220 | D:5      | Reached skill level 8 in Unarmed Combat
  5230 | D:5      | Reached XP level 8. HP: 24/83 MP: 8/8
  5315 | D:5      | HP: 3/83 [ogre/giant spiked club (21)]
  5836 | D:5      | Found a hazy altar of Hepliaklqana.
  6250 | D:6      | Got a faintly glowing quarterstaff
  6252 | D:6      | Identified the +9 quarterstaff of Revolt {pain, Int+4} (You found it on level 6 of the Dungeon)
  6262 | D:6      | Noticed Blork the orc
  6277 | D:6      | HP: 3/83 [Blork the orc/puff of frost (9)]
  6630 | D:6      | Killed Blork the orc
  6630 | D:6      | Reached skill level 9 in Unarmed Combat
  7782 | D:6      | Reached skill level 10 in Unarmed Combat
  7856 | D:6      | Reached XP level 9. HP: 42/89 MP: 9/9
  8096 | D:6      | Found a staircase to the Ecumenical Temple.
  8102 | Temple   | Entered the Ecumenical Temple
  9027 | D:7      | Reached skill level 11 in Unarmed Combat
  9099 | D:7      | Slain by an ice beast

Vault maps used:
D:1:      dpeg_arrival_subterranean_lakeside_camping
D:2:      kennysheep_okawaru_gauntlet, marbit_many_paths, st_stairs_7,
          serial_bayou_pond_d
D:3:      yredelemnul_altar_generic
D:4:      kennysheep_the_goblin_king, grunt_temple_overflow_open,
          kennysheep_mini, nicolae_dithmenos_the_darkroom,
          serial_bayou_crossing, uniq_duvessa, uniq_robin, uniq_menkaure,
          uniq_edmund
D:5:      minitemple, lemuel_coloured_pillars_altar, first_bread, uniq_sigmund,
          uniq_crazy_yiuf_cottage
D:6:      minmay_temple_entry_fiery, st_stairs_11, amalloy_card_club,
          uniq_blork_the_orc
D:7:      grunt_temple_overflow_magic_moments, grunt_gozag_statues, uniq_pikel
Temple:   circular_temple_6

Skill      XL: |  1  2  3  4  5  6  7  8  9 |
---------------+----------------------------+-----
Unarmed Combat | 4 6 8 10 11 | 11.0
Fighting       | 5 6 |  6.0
Dodging        | |  2.6
Stealth        | |  1.5

Action                   |  1- 3 |  4- 6 |  7- 9 || total
-------------------------+-------+-------+-------++-------
Melee: Unarmed           |   140 |   150 |       ||   290
       Punch             |     3 |     6 |     5 ||    14
       Whip              |       |   104 |    68 ||   172
       Quarterstaff      |       |       |   144 ||   144
 Fire: Hunting sling     |       |     5 |     5 ||    10
Throw: Large rock        |       |       |    23 ||    23
  Use: Scroll            |       |     3 |     3 ||     6
       Potion            |       |       |     3 ||     3
 Stab: Sleeping          |     2 |     4 |     1 ||     7
  Eat: Chunk             |     1 |    10 |     6 ||    17
       Bread ration      |       |       |     1 ||     1
       Meat ration       |       |       |     1 ||     1
Armor: Robe              |    39 |    41 |    27 ||   107
Dodge: Dodged            |    91 |   118 |   129 ||   338
